 Dungeon Crawl Stone Soup version 0.28.0 (webtiles) character file.

Game seed: 18169446382691352175

320 Crownlay the Skirmisher (level 6, -10/58 HPs)
             Began as a Minotaur Fighter on Feb 11, 2022.
             Killed by divine providence
             ... invoked by an orc priest
              (14 damage)
             ... on level 3 of the Dungeon.
             The game lasted 00:02:48 (2213 turns).

Crownlay the Skirmisher (Minotaur Fighter)          Turns: 2213, Time: 00:02:49

Health: -10/58     AC:  7    Str: 21    XL:     6   Next: 22%
Magic:  4/4        EV:  9    Int:  5    God:
Gold:   60         SH:  4    Dex: 11    Spells: 5/5 levels left

rFire   . . .      SeeInvis .   a - +0 trident
rCold   . . .      Faith    .   c - +0 buckler
rNeg    . . .      Spirit   .   b - +0 scale mail
rPois   .          Reflect  .   (helmet restricted)
rElec   .          Harm     .   (no cloak)
rCorr   .          Rampage  .   (no gloves)
Will    .....                   (no boots)
Stlth   ..........              (no amulet)
HPRegen 0.19/turn               (no ring)
MPRegen 0.09/turn               (no ring)

@: very slow
A: horns 2, retaliatory headbutt, fangs 1, low MP 1, shaggy fur 1
a: no special abilities


You were on level 3 of the Dungeon.
You visited 1 branch of the dungeon, and saw 3 of its levels.

You collected 60 gold pieces.

Inventory:

Hand Weapons
 a - a +0 trident (weapon)
Armour
 b - a +0 scale mail (worn)
 c - a +0 buckler (worn)
Wands
 m - a wand of polymorph (2)
Scrolls
 f - 2 scrolls of brand weapon {unknown}
 g - a scroll of immolation {unknown}
 i - a scroll of acquirement {unknown}
 j - a scroll of fear {unknown}
 l - a scroll of identify {unknown}
Potions
 d - a potion of might
 e - a potion of mutation
 h - a potion of curing {unknown}
 k - a potion of resistance {unknown}
 n - a potion of lignification {unknown}


   Skills:
 + Level 6.3 Fighting
 + Level 5.7 Polearms
 - Level 3.6 Armour
 - Level 4.0 Shields


You had 5 spell levels left.
You didn't know any spells.
Your spell library was empty.

Dungeon Overview and Level Annotations

Branches:
Dungeon (3/15)

Altars:
Dithmenos


Innate Abilities, Weirdness & Mutations

You have a pair of horns on your head.
You reflexively headbutt those who attack you in melee.
You have very sharp teeth.
Your magical capacity is low. (-10% MP)
You are covered in fur. (AC +1)


Message History

The orc priest begins to cast a cantrip, but forgets the words!
Your unstable footing causes you to fumble your attack.
The orc splashes around in the water. x2; The orc priest closely misses you.
You block the orc's attack.
You barely miss the orc priest. Your headbutt misses the orc priest.
The orc priest is heavily wounded.
The orc barely misses you.
The orc priest hits you but does no damage.
The orc splashes around in the water.
You hit the orc priest.
The orc priest is almost dead.
The orc splashes around in the water.
The orc priest mumbles some strange prayers to Beogh against you.
Pain shoots through your body!
* * * LOW HITPOINT WARNING * * *
The orc completely misses you.
Your unstable footing causes you to fumble your attack.
An endoplasm comes into view.
The orc hits you but does no damage.
The orc priest looks encouraged for a moment.
The orc hits you with a +0 whip.
* * * LOW HITPOINT WARNING * * *
The endoplasm moves out of view.
You hit the orc priest but do no damage.
Your headbutt misses the orc priest.
The orc priest is almost dead.
The orc priest mumbles some strange prayers to Beogh against you.
Beogh smites you!
* * * LOW HITPOINT WARNING * * *
The orc splashes around in the water.
The orc priest hits you but does no damage.
The orc splashes around in the water.
It was a potion of mutation.
You feel extremely strange.
Your teeth lengthen and sharpen.
You feel less energetic. Fur sprouts all over your body.
The orc hits you with a +0 club.
* * * LOW HITPOINT WARNING * * *
The orc priest mumbles some strange prayers to Beogh against you.
Beogh smites you!
You die...

≈ #..?......# ....##
..####......... #.....#
.........†... #.....#
...........### #.....#
.............####.....#
.....#......(.##......#
.....o........##......##
.≈P.≈ooo)≈.............#
.≈≈≈♣oo@PPPP...........#
.≈P≈≈≈≈♣≈≈≈P≈≈P..#.....#
..≈≈≈.≈≈♣♣≈≈PPPP.#†#####
.......≈≈≈≈≈♣≈PPP#.###
.......≈≈P♣≈≈≈≈PP....#
.......≈.≈≈♣♣♣≈≈.....###
.........≈♣≈≈≈≈PP......#
......≈ ≈≈≈PPP...#..#
≈P≈PP.......#


You could see 2 orc priests and 4 orcs.

Vanquished Creatures
  Sigmund (D:3)
  Ijyb (D:3)
  Jessica (D:2)
  An orc wizard (D:3)
  A gnoll (D:1)
  2 adders (D:2)
  A worm (D:2)
  2 dart slugs (D:2)
  2 orcs (D:3)
  A ball python (D:1)
  5 endoplasms
  2 giant cockroaches (D:1)
  6 hobgoblins
  12 jackals
  2 quokkas (D:1)
  3 bats
  4 frilled lizards
  A goblin (D:2)
  2 kobolds (D:1)
  3 rats
53 creatures vanquished.

Vanquished Creatures (others)
  27 plants (D:3)
27 creatures vanquished.

Grand Total: 80 creatures vanquished

Notes
Turn   | Place    | Note
-------+----------+-------------------------------------------
     0 | D:1      | Crownlay the Minotaur Fighter began the quest for the Orb.
     0 | D:1      | Reached XP level 1. HP: 19/19 MP: 0/0
   165 | D:1      | Reached skill level 4 in Fighting
   165 | D:1      | Reached XP level 2. HP: 27/27 MP: 1/1
   301 | D:1      | Reached XP level 3. HP: 31/33 MP: 2/2
   928 | D:2      | Noticed Jessica
   931 | D:2      | Killed Jessica
   932 | D:2      | Reached XP level 4. HP: 32/41 MP: 3/3
  1035 | D:2      | Found a shadowy altar of Dithmenos.
  1336 | D:2      | Found a faded altar of an unknown god.
  1466 | D:2      | Reached skill level 5 in Fighting
  1833 | D:3      | Noticed Sigmund
  1842 | D:3      | Killed Sigmund
  1843 | D:3      | Reached skill level 6 in Fighting
  1843 | D:3      | Reached skill level 5 in Polearms
  1843 | D:3      | Reached XP level 5. HP: 36/50 MP: 4/4
  1928 | D:3      | Noticed Ijyb
  1959 | D:3      | Killed Ijyb
  1960 | D:3      | Reached XP level 6. HP: 23/57 MP: 5/5
  2213 | D:3      | Gained mutation: You have very sharp teeth. [potion of
                  | mutation]
  2213 | D:3      | Gained mutation: Your magical capacity is low. (-10% MP)
                  | [potion of mutation]
  2213 | D:3      | Gained mutation: You are covered in fur. (AC +1) [potion of
                  | mutation]
  2213 | D:3      | Killed from afar by an orc priest

Illustrated notes

Levels and vault maps discovered:
D:1:      dpeg_arrival_round_b, layout_basic
D:2:      layout_basic, basic_altar, nicolae_ecumenical_oubliette, uniq_jessica
D:3:      minmay_diamond_boxcup, layout_basic, serial_bayou,
          serial_bayou_ford_a, serial_bayou_lake_a, serial_bayou_lagoon_a,
          serial_bayou_shore_b, minmay_snake_closets, uniq_ijyb, uniq_sigmund

Skill      XL: |  1  2  3  4 |
---------------+-------------+-----
Fighting       | 4 6 |  6.3
Polearms       | 3 5 |  5.7
Shields        | 4 |  4.0
Armour         | |  3.6

Action                   |  1- 3 |  4- 6 || total
-------------------------+-------+-------++-------
Melee: Trident           |    77 |    76 ||   153
       Headbutt          |    10 |    10 ||    20
       Unarmed           |       |    23 ||    23
  Use: Potion            |       |     2 ||     2
Armor: Scale mail        |    31 |    29 ||    60
Dodge: Dodged            |    32 |    35 ||    67
Block: Buckler           |    16 |     5 ||    21
